Map: Ulrena

Players

Telon

  • Race: Terran Terran
  • League: Platinum

LilDicky - Winner!

  • Race: Terran Terran
  • League: Diamond

VOD

http://www.twitch.tv/tumescentpie

Description

Time

  • Played on: Dec. 23, 2015, 7:22 p.m.
  • Length: 5:03
Show
View Real Time Build Order
Export as new Build Order

Telon Terran 

Build Orders: 1/1/1 

Get SALT Encoding   

  12  0:01  SCV  
  13  0:13  SCV  
  14  0:18  Supply Depot  
  14  0:25  SCV  
  15  0:33  Refinery  
  15  0:39  SCV  
  16  0:45  Barracks  
  16  0:51  SCV  
  17  0:59  Supply Depot  
  17  1:03  SCV  
  18  1:15  SCV  
  19  1:28  Refinery  
  19  1:29  SCV  
  20  1:32  Marine  
  20  1:38  Factory  
  21  1:46  Orbital Command  
  21  1:51  Marine  
  22  2:11  SCV  
  22  2:15  Supply Depot  
  23  2:22  Barracks Reactor  
  23  2:24  SCV, Starport  
  23  2:26  Factory Tech Lab  
  24  2:36  SCV  
  25  2:38  Supply Depot  
  25  2:46  Siege Tank  
  25  2:48  SCV  
  29  2:56  Engineering Bay  
  29  3:00  SCV  
  29  3:01  Starport Reactor  
  29  3:02  Marine  
  31  3:06  Marine  
  31  3:12  SCV  
  33  3:20  Marine  
  33  3:23  Marine  
  33  3:24  SCV  
  36  3:28  Supply Depot  
  36  3:38  Medivac, Marine  
  36  3:39  Medivac  
  36  3:41  SCV, Marine  
  43  3:48  Missile Turret  
  43  3:53  SCV  
  44  3:55  Marine  
  44  3:57  Widow Mine  
  47  4:05  SCV  
  47  4:08  Marine, Medivac  
  51  4:13  Marine  
  52  4:18  Supply Depot  
  52  4:24  SCV  
  52  4:36  SCV  
  51  4:48  SCV  
Show
View Real Time Build Order
Export as new Build Order

LilDicky Terran - Winner!

Build Orders: Banshee Rush 

Get SALT Encoding   

  12  0:02  SCV  
  13  0:14  SCV  
  13  0:20  Supply Depot  
  14  0:26  SCV  
  15  0:31  Refinery  
  15  0:41  SCV  
  16  0:47  Barracks  
  16  0:58  SCV  
  17  1:10  SCV  
  18  1:22  SCV  
  19  1:29  Refinery  
  19  1:34  Orbital Command  
  19  1:35  Marine  
  19  1:36  Supply Depot  
  20  1:44  Factory  
  20  1:53  Marine  
  21  2:02  SCV  
  21  2:06  Supply Depot  
  22  2:11  Marine  
  23  2:16  SCV  
  24  2:28  SCV, Marine  
  26  2:30  Factory Tech Lab, Starport  
  26  2:43  SCV  
  27  2:47  Marine  
  28  2:55  SCV  
  29  3:03  Widow Mine  
  31  3:07  SCV  
  31  3:08  Marine  
  31  3:12  Cloaking Field  
  33  3:13  Banshee  
  33  3:17  Engineering Bay  
  33  3:19  SCV  
  37  3:22  Supply Depot  
  37  3:32  Factory Tech Lab  
  37  3:36  SCV  
  37  3:39  Marine  
  39  3:48  SCV  
  39  3:51  Missile Turret  
  39  3:53  Siege Tank  
  43  3:57  Marine  
  43  4:01  Supply Depot, Banshee  
  47  4:23  SCV  
  54  4:46  SCV  
Tags
 
Add a new tag
Caveats
  • Supply blocks, unpowered buildings, or Contaminate may cause inaccurate times.
  • Supply counts are checked every 10 seconds.